 Dungeon Crawl Stone Soup version 0.27-a0-1548-gf8a67e7463 (console) character file.

Game seed: 10825492622303314649

2369 jejorda2 the Spear-Bearer (level 9, -8/103 HPs)
             Began as a Merfolk Berserker on July 13, 2021.
             Was an Elder of Trog.
             Mangled by an ogre (32 damage)
             ... on level 6 of the Dungeon.
             The game lasted 00:09:35 (6870 turns).

jejorda2 the Spear-Bearer (Merfolk Berserker)       Turns: 6870, Time: 00:09:36

Health: -8/103     AC: 15    Str: 20    XL:     9   Next: 44%
Magic:  9/9        EV:  8    Int:  7    God:    Trog [****..]
Gold:   98         SH:  0    Dex: 13    Spells: 8/8 levels left

rFire    . . .     SeeInvis .   a - +1 halberd (chaos)
rCold    . . .     Faith    .   (shield currently unavailable)
rNeg     . . .     Spirit   .   f - +0 chain mail
rPois    +         Reflect  .   i - +0 helmet
rElec    .         Harm     .   g - +0 cloak
rCorr    .         Rampage  +   (no gloves)
Will     .....                  k - +2 pair of boots {rampage}
Stlth    ..........             (no amulet)
HPRegen  0.27/turn              q - ring of poison resistance
MPRegen  0.11/turn              (no ring)

@: berserking, very quick
A: (nimble swimmer 2), mertail
a: Renounce Religion, Berserk, Trog's Hand, Brothers in Arms


You were on level 6 of the Dungeon.
You worshipped Trog.
Trog was greatly pleased with you.
You visited 1 branch of the dungeon, and saw 6 of its levels.
You also visited: Ossuary.

You collected 279 gold pieces.
You spent 181 gold pieces at shops.

Inventory:

Hand Weapons
 a - a +1 halberd of chaos (weapon)
 b - a +0 spear
Missiles
 o - 16 poisoned darts (quivered)
 x - 2 boomerangs
Armour
 f - a +0 chain mail (worn)
 g - a +0 cloak (worn)
 i - a +0 helmet (worn)
 k - a +2 pair of boots of rampaging (worn)
Jewellery
 q - a ring of poison resistance (left hand)
Wands
 p - a wand of charming (6)
 w - a wand of paralysis (7)
Scrolls
 c - a scroll of enchant weapon
 j - 2 scrolls of amnesia
 l - 2 scrolls of teleportation
 y - a scroll of fog
Potions
 d - a potion of might {unknown}
 e - 7 potions of curing
 h - 2 potions of attraction
 m - 2 potions of invisibility
 n - 2 potions of flight
 r - a potion of magic
 s - a potion of brilliance {unknown}
 u - a potion of cancellation
 v - 2 potions of heal wounds


   Skills:
 - Level 6.0 Fighting
 * Level 13.4 Polearms
 + Level 5.2 Armour
 - Level 2.6 Dodging


You had 8 spell levels left.
You didn't know any spells.
Your spell library was empty.

Dungeon Overview and Level Annotations

Branches:
Dungeon (6/15)             Temple (0/1) D:4         Ossuary (visited)

Altars:
Ashenzari
Elyvilon

Shops:
D:2 [   D:4 ?   D:6 *

Annotations:
D:6 2 transporters, pokeman's ghost, novice DEWz


Innate Abilities, Weirdness & Mutations

((You are quick and stealthy near water. (Stealth+, EV+, Speed+++)))
Your lower body shifts to a powerful aquatic tail in water.


Message History

The orc warrior is moderately wounded.
The orc warrior hits you but does no damage.
You puncture the orc warrior! You freeze the orc warrior.
The orc warrior is severely wounded.
You strike the helpless orc warrior from behind!
You slash the orc warrior!
The orc warrior is poisoned.
The orc warrior is almost dead.
The orc warrior hits you but does no damage.
You slash the orc warrior!
You feel better.
You kill the orc warrior!
Trog accepts your kill. The orc hits you but does no damage.
You closely miss the ogre.
The ogre hits you with a +0 giant spiked club!!
The orc hits you but does no damage.
You barely miss the ogre.
The ogre hits you with a +0 giant spiked club!
The orc hits you with a +0 dagger of holy wrath.
You hit the ogre. You burn the ogre.
The ogre is lightly wounded.
The orc barely misses you.
You hit the ogre but do no damage.
The ogre is poisoned.
The ogre is lightly wounded.
The ogre hits you with a +0 giant spiked club!
You hit the ogre.
The ogre is moderately wounded.
The orc hits you but does no damage. The ogre barely misses you.
You slash the ogre!
The ogre goes berserk!
The ogre is severely wounded.
The orc hits you but does no damage.
The ogre hits you with a +0 giant spiked club!
* * * LOW HITPOINT WARNING * * *
You are too injured to fight recklessly!
You are too injured to fight recklessly!
A red film seems to cover your vision as you go berserk!
You feel yourself moving faster!
You feel mighty!
The orc hits you with a +0 dagger of holy wrath.
* * * LOW HITPOINT WARNING * * *
The ogre hits you with a +0 giant spiked club!!
You die...

.# #.......####..............
)# #..........#.........#...
)######..........#.#.......#...
......)..##.....##.#.......# ..
######.....#...#........#
#......###.........
#.......∩..........
##......###.o.......
###......#...#@.......
#......##....O##......
#............o# ##...
#.............## .
#.......##.....#
#.......##.....#
#.............O####
#..........(......#..
#....................


You could see an ogre (berserk, very poisoned) and 2 orcs.

Vanquished Creatures
  An orc warrior (D:6)
  An ice beast (D:5)
  A necrophage (D:4)
  2 centaurs
  A phantom (D:5)
  A kobold brigand (D:4)
  A gnoll sergeant (D:6)
  10 scorpions
  A bullfrog (D:6)
  A water moccasin skeleton (D:6)
  2 human zombies (Ossuary)
  5 centaur zombies
  A hound (D:5)
  A jelly (D:4)
  A gnoll shaman (D:5)
  Crazy Yiuf (D:4)
  2 bullfrog zombies
  An orc priest (D:5)
  A centaur skeleton (D:5)
  4 iguanas (D:5)
  3 scorpion zombies (Ossuary)
  3 mummies (Ossuary)
  9 adders
  16 gnolls
  An ufetubus (D:6)
  A worm (D:4)
  4 dart slugs
  7 orcs
  4 ball pythons
  3 endoplasms
  2 giant cockroaches
  3 gnoll zombies (Ossuary)
  4 goblins
  6 hobgoblins
  8 jackals
  4 quokkas
  4 bats
  2 frilled lizards (D:2)
  A goblin zombie (Ossuary)
  2 hobgoblin zombies (Ossuary)
  12 kobolds
  A kobold zombie (Ossuary)
  2 orc zombies (Ossuary)
  6 rats
147 creatures vanquished.

Notes
Turn   | Place    | Note
-------+----------+-------------------------------------------
     0 | D:1      | jejorda2 the Merfolk Berserker began the quest for the Orb.
     0 | D:1      | Reached XP level 1. HP: 18/18 MP: 1/1
   189 | D:1      | Reached XP level 2. HP: 18/24 MP: 2/2
   318 | D:1      | Reached skill level 5 in Polearms
   606 | D:1      | Reached XP level 3. HP: 28/29 MP: 3/3
   984 | D:2      | Reached ** piety under Trog
  1093 | D:2      | Reached XP level 4. HP: 32/37 MP: 4/4
  1117 | D:2      | Reached skill level 6 in Polearms
  1360 | D:2      | Found Ydghihus's Antique Armour Boutique.
  1870 | D:3      | Found a faded altar of an unknown god.
  2046 | D:3      | Reached XP level 5. HP: 42/42 MP: 5/5
  2901 | D:4      | Found a staircase to the Ecumenical Temple.
  2973 | D:4      | Reached skill level 7 in Polearms
  3204 | D:4      | Found a white marble altar of Elyvilon.
  3218 | D:4      | Noticed a kobold brigand
  3226 | D:4      | Noticed a necrophage
  3236 | D:4      | Killed a kobold brigand
  3236 | D:4      | Reached *** piety under Trog
  3237 | D:4      | Reached XP level 6. HP: 49/49 MP: 6/6
  3239 | D:4      | Killed a necrophage
  3240 | D:4      | Reached skill level 8 in Polearms
  3540 | D:4      | Found Setug's Magic Scroll Shop.
  3548 | D:4      | Bought a scroll of identify for 24 gold pieces
  3555 | D:4      | Identified the +2 scale mail "Uwnum" {*Slow rElec rN+
                  | Stlth+}
  3621 | D:4      | Reached skill level 5 in Fighting
  3621 | D:4      | Reached XP level 7. HP: 48/56 MP: 7/7
  3719 | D:4      | Found a runed translucent door.
  3720 | D:4      | Noticed Crazy Yiuf
  3900 | D:4      | Killed Crazy Yiuf
  4093 | D:2      | Bought a pair of runed boots for 157 gold pieces
  4174 | D:5      | Entered Level 5 of the Dungeon
  4347 | D:5      | Found a broken altar of Ashenzari.
  4393 | D:5      | Reached skill level 9 in Polearms
  5051 | D:5      | Reached skill level 10 in Polearms
  5051 | D:5      | Reached XP level 8. HP: 64/64 MP: 8/8
  5658 | D:6      | Found a transporter.
  5659 | D:6      | Noticed pokeman's ghost (novice DEWz)
  5677 | D:6      | Found a transporter.
  5733 | D:6      | Found a sand-covered staircase.
  5741 | Ossuary  | Entered an ossuary
  5756 | Ossuary  | Reached skill level 11 in Polearms
  5863 | Ossuary  | Reached **** piety under Trog
  6011 | Ossuary  | Reached skill level 12 in Polearms
  6016 | Ossuary  | Reached XP level 9. HP: 69/69 MP: 9/9
  6387 | D:6      | Reached skill level 5 in Armour
  6506 | D:6      | Reached skill level 13 in Polearms
  6790 | D:6      | Found Bofi's Neck Hole.
  6870 | D:6      | Mangled by an ogre

Illustrated notes

Levels and vault maps discovered:
D:1:      minmay_arrival_wavy_path, layout_basic
D:2:      layout_basic, serial_shops, nicolae_shop_behind_doors,
          minmay_pentomino_w4
D:3:      layout_basic, chequers_ecumenical_altar_simple, chequers_jeans
D:4:      layout_basic, elyvilon_altar_3, minmay_temple_entry_glassed_door,
          serial_shops, nicolae_shop_crystal, uniq_crazy_yiuf_cottage
D:5:      layout_cave_pods, nicolae_ashenzari_panopticon,
          serial_co_window_serial, co_window_corner_a, co_window_paths_b,
          co_window_paths_b, co_window_corner_a, co_window_corner_a,
          co_window_corner_a, co_window_cross_1, co_window_of_opportunity_c,
          co_window_of_opportunity_b, co_window_of_opportunity_b,
          co_window_corner_ca, glass_columns_a, glass_columns_a,
          glass_columns_a, glass_columns_c, glass_columns_b,
          minmay_misc_feat_hallway
D:6:      layout_basic, mainiacjoe_overflow_catwalk,
          nicolae_ossuary_entry_monument, gammafunk_ghost_stat_death,
          nicolae_shop_sticking_my_neck_out

Skill      XL: |  1  2  3  4  5  6  7  8  9 |
---------------+----------------------------+-----
Polearms       | 5 6 7 8 10 12 13 | 13.4
Armour         | 2 3 4 5 |  5.2
Fighting       | 4 5 6 |  6.0
Dodging        | |  2.6

Action                   |  1- 3 |  4- 6 |  7- 9 || total
-------------------------+-------+-------+-------++-------
Melee: Spear             |    84 |   201 |    48 ||   333
       Tailslap          |       |     1 |       ||     1
       Halberd           |       |       |   231 ||   231
Throw: Dart              |       |     4 |     1 ||     5
Invok: Berserk           |     2 |     3 |     4 ||     9
  Use: Scroll            |       |     6 |    10 ||    16
 Stab: Confused          |       |       |     1 ||     1
       Petrifying        |       |       |     3 ||     3
Armor: Animal skin       |     6 |       |       ||     6
       Chain mail        |    18 |    56 |   140 ||   214
Dodge: Dodged            |    23 |    42 |   101 ||   166

Table legend: (Time is in decaauts)
 A = Elapsed time spent in this place.
 B = Non-inter-level travel time spent in this place.
 C = Inter-level travel time spent in this place.
 D = Time resting spent in this place.
 E = Time spent auto-exploring this place.
 F = Levels seen in this place.
 G = Mean time per level.
                   A        B        C        D        E       F      G
               +--------+--------+--------+--------+--------+-----+--------+
         Total |   6853 |   6548 |    305 |    649 |   4917 |   7 |  979.0 |
       Dungeon |   6317 |   6012 |    305 |    549 |   4652 |   6 | 1052.8 |
       Ossuary |    536 |    536 |      0 |    100 |    265 |   1 |  536.0 |
               +--------+--------+--------+--------+--------+-----+--------+

Top non-repeatable levels by time:
     D:5: 1463 daAuts
     D:4: 1359 daAuts
     D:2: 973 daAuts
     D:3: 960 daAuts
     D:1: 874 daAuts
     D:6: 685 daAuts
 Ossuary: 536 daAuts
